 Dungeon Crawl Stone Soup version 0.27-a0-887-gcab673c142 (webtiles) character file.

Game seed: 5489292041545917760

127 rageheart7 the Skirmisher (level 5, 0/37 HPs)
             Began as a Tengu Abyssal Knight on Apr 4, 2021.
             Was a Believer of Lugonu.
             Slain by an ufetubus (4 damage)
             ... on level 3 of the Dungeon.
             The game lasted 00:02:59 (3271 turns).

rageheart7 the Skirmisher (Tengu Abyssal Knight)    Turns: 3271, Time: 00:03:01

Health: 0/37       AC:  5    Str: 13    XL:     5   Next: 11%
Magic:  7/7        EV:  9    Int: 12    God:    Lugonu [**....]
Gold:   167        SH:  9    Dex: 14    Spells: 4/4 levels left

rFire    . . .     SeeInvis .   a - +1 mace
rCold    . . .     Faith    .   j - +2 kite shield
rNeg     . . .     Spirit   .   h - +0 ring mail
rPois    +         Reflect  .   (helmet restricted)
rElec    .         Harm     .   (no cloak)
rCorr    .         Rampage  .   (no gloves)
Will     .....                  (boots unavailable)
Stlth    +.........             (no amulet)
HPRegen  0.12/turn              (no ring)
MPRegen  0.10/turn              (no ring)

@: brilliant, flying quickly and evasively, quick
A: beak, talons 3, nimble flight, poison resistance, robust 1, evolution 1
a: Renounce Religion, Depart the Abyss, Bend Space


You were on level 3 of the Dungeon.
You worshipped Lugonu.
Lugonu was pleased with you.
You visited 1 branch of the dungeon, and saw 4 of its levels.
You visited the Abyss 1 time.

You collected 167 gold pieces.

Inventory:

Hand Weapons
 a - a +1 mace (weapon)
Armour
 h - a +0 ring mail (worn)
 j - a +2 kite shield (worn)
 l - a +0 pair of boots
Scrolls
 c - a scroll of torment {unknown}
 d - 3 scrolls of identify {unknown}
 f - a scroll of amnesia {unknown}
 g - a scroll of fog {unknown}
 k - a scroll of teleportation {unknown}


   Skills:
 * Level 4.5 Fighting
 * Level 4.2 Maces & Flails
 - Level 2.1 Armour
 - Level 1.1 Dodging
 - Level 1.5 Invocations


You had 4 spell levels left.
You didn't know any spells.
Your spell library contained the following spells:

 Spells                   Type           Power      Damage    Failure   Level
 Ensorcelled Hibernation  Hex/Ice        0%         N/A       100%        2
 Confusing Touch          Hex            0%         N/A       100%        3
 Gell's Gravitas          Tloc           0%         N/A       100%        3
 Animate Armour           Summ/Erth      0%         N/A       100%        4
 Petrify                  Tmut/Erth      0%         N/A       100%        4
 Borgnjor's Vile Clutch   Necr/Erth      0%         N/A       100%        5
 Metabolic Englaciation   Hex/Ice        0%         N/A       100%        5
 Silence                  Hex/Air        0%         N/A       100%        5
 Yara's Violent Unravell  Hex/Tmut       0%         3d3       100%        5
 Shadow Creatures         Summ           N/A        N/A       100%        6


Dungeon Overview and Level Annotations

Branches:
Dungeon (4/15)
 Temple: D:4-7

Altars:

Shops:
D:1 :   D:3 [

Annotations:
D:2 1 runed translucent door, Crazy Yiuf


Innate Abilities, Weirdness & Mutations

You have a beak for a mouth.
You have claws for feet.
Your magical nature lets you fly swiftly and evasively.
Your system is resistant to poisons. (rPois)
You are robust. (+10% HP)
You evolve.


Message History

You block the ufetubus's attack. x2; The iguana barely misses you.
The ufetubus hits you but does no damage. x2
You fly upwards.
There is a stone staircase leading down here.
You hit the iguana but do no damage.
The iguana is moderately wounded.
The ufetubus barely misses you. You block the ufetubus's attack.
The iguana barely misses you. The ufetubus closely misses you.
The ufetubus hits you.
* * * LOW HITPOINT WARNING * * *
You hit the iguana. Your peck misses the iguana.
The iguana is severely wounded.
The ufetubus hits you.
* * * LOW HITPOINT WARNING * * *
The ufetubus closely misses you. The iguana closely misses you.
The ufetubus hits you.
* * * LOW HITPOINT WARNING * * *
You block the ufetubus's attack. The iguana barely misses you.
You feel better.
The ufetubus hits you but does no damage.
The ufetubus barely misses you. You block the iguana's attack.
You block the ufetubus's attack.
The ufetubus hits you but does no damage.
It was a potion of brilliance.
You feel clever all of a sudden.
You block the ufetubus's attack. x2; The iguana bites you!
* * * LOW HITPOINT WARNING * * *
It was a potion of mutation.
You feel extremely strange.
You feel resistant to poisons.
You feel robust.
You feel nature experimenting on you.
Don't worry, failures die fast.
You block the ufetubus's attack.
The ufetubus hits you but does no damage.
You block the iguana's attack. The ufetubus barely misses you. x2
You sock the iguana!
You kill the iguana!
Lugonu accepts your kill. The ufetubus hits you.
* * * LOW HITPOINT WARNING * * *
The ufetubus hits you.
You die...

#.##.......#.####.
#.##..##..........
#.###.............
#.# ####.........#
#.# #.......... #.#
####....... #.#
#...#.## #5#
#..#..## #@##
######.....#.
#..###.........#..
#...#..####.......
###.#...####...#.#..
#..........#........
#...............>#..
#..........#####....
###..####### #.###
#..# #....


You could see an ufetubus.

Vanquished Creatures
  An iguana (D:3)
  A gnoll (D:1)
  4 adders
  2 worms (D:3)
  2 dart slugs (D:2)
  An orc (D:3)
  6 bats
  9 endoplasms
  A giant cockroach (D:3)
  2 hobgoblins
  8 jackals (D:3)
  8 kobolds
  A quokka (D:3)
  5 ball pythons
  17 frilled lizards
  5 rats
73 creatures vanquished.

Vanquished Creatures (others)
  A lurking horror (Abyss:1)
  6 plants (D:1)
7 creatures vanquished.

Grand Total: 80 creatures vanquished

Notes
Turn   | Place    | Note
-------+----------+-------------------------------------------
     0 | Abyss:1  | rageheart7 the Tengu Abyssal Knight began the quest for the
                  | Orb.
     0 | Abyss:1  | Reached XP level 1. HP: 14/14 MP: 3/3
   108 | Abyss:1  | Noticed a freezing wraith
   109 | D:1      | Escaped the Abyss
   380 | D:1      | Reached XP level 2. HP: 12/19 MP: 4/4
   570 | D:1      | Found Ateodero's Book Boutique.
   576 | D:1      | Reached * piety under Lugonu
   764 | D:1      | Reached XP level 3. HP: 18/23 MP: 5/5
  1237 | D:2      | Found a faded altar of an unknown god.
  1316 | D:2      | Found a runed translucent door.
  1317 | D:2      | Noticed Crazy Yiuf
  1491 | D:2      | Reached XP level 4. HP: 20/29 MP: 6/6
  2399 | D:3      | Reached ** piety under Lugonu
  2833 | D:3      | Gained mutation: Your magical nature lets you fly swiftly
                  | and evasively. [Tengu growth]
  2833 | D:3      | Reached XP level 5. HP: 27/34 MP: 7/7
  3045 | D:3      | Found Zyul's Antique Armour Emporium.
  3263 | D:4      | Noticed a black bear
  3270 | D:3      | Gained mutation: Your system is resistant to poisons.
                  | (rPois) [potion of mutation]
  3270 | D:3      | Gained mutation: You are robust. (+10% HP) [potion of
                  | mutation]
  3270 | D:3      | Gained mutation: You evolve. [potion of mutation]
  3271 | D:3      | Slain by an ufetubus

Illustrated notes

Levels and vault maps discovered:
D:1:      shiori_arrival_elements, layout_loops_ring, serial_shops, shop,
          minmay_lizard_king
D:2:      layout_basic, ebering_ecumenical_altar_rust,
          minmay_misc_feat_more_columns, uniq_crazy_yiuf_cottage
D:3:      layout_rooms, serial_shops, shop
D:4:      layout_loops_ring, grunt_gozag_breadcrumbs, serial_glass,
          glass_columns_b, glass_columns_c, feat_on_display, feat_on_display,
          item_on_display_a, portal_sewer_entry_a, eino_tiny_chamber,
          uniq_grinder

Skill      XL: |  1  2  3  4 |
---------------+-------------+-----
Maces & Flails | 3 4 |  4.2
Fighting       | 4 |  4.5
Armour         | |  2.1
Dodging        | |  1.1
Invocations    | |  1.5

Action                   |  1- 3 |  4- 6 || total
-------------------------+-------+-------++-------
Melee: Mace              |    62 |   105 ||   167
       Kick              |    17 |    25 ||    42
       Peck              |     5 |    18 ||    23
Invok: Depart the Abyss  |     1 |       ||     1
  Use: Potion            |       |     4 ||     4
       Scroll            |       |     1 ||     1
Armor: Leather armour    |     7 |       ||     7
       Ring mail         |    12 |    64 ||    76
Dodge: Dodged            |    35 |    69 ||   104
Block: Kite shield       |       |    82 ||    82

Table legend: (Time is in decaauts)
 A = Elapsed time spent in this place.
 B = Non-inter-level travel time spent in this place.
 C = Inter-level travel time spent in this place.
 D = Time resting spent in this place.
 E = Time spent auto-exploring this place.
 F = Levels seen in this place.
 G = Mean time per level.
                   A        B        C        D        E       F      G
               +--------+--------+--------+--------+--------+-----+--------+
         Total |   3312 |   3211 |    101 |      0 |   2789 |   5 |  662.4 |
       Dungeon |   3203 |   3102 |    101 |      0 |   2681 |   4 |  800.8 |
         Abyss |    109 |    109 |      0 |      0 |    108 |   1 |  109.0 |
               +--------+--------+--------+--------+--------+-----+--------+

Top non-repeatable levels by time:
     D:1: 1140 daAuts
     D:2: 1107 daAuts
     D:3: 945 daAuts
 Abyss:1: 109 daAuts
     D:4: 10 daAuts
